 Dungeon Crawl Stone Soup version 0.29.1-15-g9cfb28693d (webtiles) character file.

Game seed: 8978508279030761612

30 Herex the Chopper (level 3, -1/29 HPs)
             Began as a Demonspawn Berserker on Apr 28, 2023.
             Was a Follower of Trog.
             Succumbed to Terence's poison
             ... on level 2 of the Dungeon.
             The game lasted 00:01:34 (1745 turns).

Herex the Chopper (Demonspawn Berserker)            Turns: 1745, Time: 00:01:35

Health: -1/29      AC:  2    Str: 19    XL:     3   Next: 3%
Magic:  3/3        EV: 12    Int: 14    God:    Trog [*.....]
Gold:   51         SH:  0    Dex: 12    Spells: 2/2 levels left

rFire   . . .      SeeInvis .   a - +0 hand axe
rCold   . . .      Faith    .   (no shield)
rNeg    . . .      Spirit   .   b - +0 animal skin
rPois   .          Reflect  .   (helmet restricted)
rElec   .          Harm     .   (no cloak)
rCorr   .          Rampage  .   (no gloves)
Will    .....                   (no boots)
Stlth   +.........              (no amulet)
HPRegen 0.09/turn               g - +6 ring of intelligence
MPRegen 0.08/turn               (no ring)

@: lethally poisoned (-1 -> -30)
A: antennae 2
a: Renounce Religion, Berserk


You were on level 2 of the Dungeon.
You worshipped Trog.
Trog was aware of your devotion.
You visited 1 branch of the dungeon, and saw 2 of its levels.

You collected 51 gold pieces.

Inventory:

Hand Weapons
 a - a +0 hand axe (weapon)
Armour
 b - a +0 animal skin (worn)
Jewellery
 g - a +6 ring of intelligence (left hand)
 i - a ring of resist corrosion
Scrolls
 c - 2 scrolls of teleportation {unknown}
 d - a scroll of butterflies {unknown}
 e - a scroll of identify {unknown}
 f - a scroll of enchant weapon {unknown}
 h - a scroll of immolation {unknown}


   Skills:
 + Level 3.2 Fighting
 * Level 3.5 Axes
 + Level 1.8 Armour
 + Level 1.9 Dodging
 + Level 0.2 Stealth


You had 2 spell levels left.
You didn't know any spells.
Your spell library was empty.

Dungeon Overview and Level Annotations

Branches:
Dungeon (2/15)

Altars:

Annotations:
D:2 Terence


Innate Abilities, Weirdness & Mutations

You have a pair of antennae on your head.


Message History

HP restored.
h - a scroll labelled BIK KULA WUISUT
i - a ring of resist corrosion You now have 51 gold pieces (gained 4).
Done exploring.
Done exploring.
(D) Dungeon
Where to? (? - help)
What level of the Dungeon? (default 1, ? - help)
You see here a +0 club.
There is a stone staircase leading down here.
You climb downwards.
Terence shouts!
You sense a monster nearby.
There is a stone staircase leading up here.
The frilled lizard bites you but does no damage.
You hit the frilled lizard.
You kill the frilled lizard!
Trog accepts your kill.
A kobold comes into view. It is wielding a +0 club.
Terence bares his teeth.
Terence closely misses you.
An endoplasm comes into view.
The kobold shouts!
Terence says, "You're history."
Terence hits you with a +3 trident of venom.
You are poisoned.
You closely miss Terence.
You feel very sick.
Terence hits you with a +3 trident of venom!
You are lethally poisoned!
You are too injured to fight recklessly!
You are too injured to fight recklessly!
You are too injured to fight recklessly!
You are too injured to fight recklessly!
You feel very sick.
Terence hits you with a +3 trident of venom.
* * * LOW HITPOINT WARNING * * *
You are more poisoned.
You die...

... .... ..
... #. ..
#.##J##
#..K..#
#.....#####
{#..@.......
##@........
#<.†.......
#.#.#......
.....#......
..######
..... #.
..### .. ##
.


You could see Terence, an endoplasm and a kobold.

Vanquished Creatures
  2 dart slugs (D:1)
  A ball python (D:1)
  A bat (D:1)
  2 endoplasms (D:1)
  2 giant cockroaches (D:1)
  A goblin (D:1)
  4 hobgoblins (D:1)
  2 jackals (D:1)
  2 kobolds (D:1)
  3 frilled lizards
  3 rats (D:1)
23 creatures vanquished.

Notes
Turn   | Place    | Note
-------+----------+-------------------------------------------
     0 | D:1      | Herex the Demonspawn Berserker began the quest for the Orb.
     0 | D:1      | Reached XP level 1. HP: 18/18 MP: 1/1
   453 | D:1      | Gained mutation: You have a pair of small antennae on your
                  | head. [demonic ancestry]
   453 | D:1      | Reached XP level 2. HP: 24/24 MP: 2/2
   453 | D:1      | Found a faded altar of an unknown god.
  1490 | D:1      | Gained mutation: You have a pair of antennae on your head.
                  | [demonic ancestry]
  1490 | D:1      | Reached XP level 3. HP: 21/29 MP: 3/3
  1739 | D:2      | Noticed Terence
  1745 | D:2      | Succumbed to Terence's poison

Illustrated notes

Levels and vault maps discovered:
D:1:      saegor_arrival_fortress, layout_basic,
          hellmonk_ecumenical_altar_lost_god, minmay_pentomino_p4
D:2:      layout_basic, basic_altar, uniq_terence

Skill      XL: |  1 |
---------------+----+-----
Axes           | 3 |  3.5
Fighting       | |  3.2
Armour         | |  1.8
Dodging        | |  1.9
Stealth        | |  0.2

Action                   || total
-------------------------++-------
Melee: Hand axe          ||    58
       Punch             ||     1
Armor: Animal skin       ||     5
Dodge: Dodged            ||    38
